 Dungeon Crawl Stone Soup version 0.31.0-4-g52a2dc7128 (webtiles) character file.

Game seed: 6414771690511796581

27211 gelatine the Cleaver (level 13, -4/98 HPs)
             Began as a Demonspawn Fighter on Jan 21, 2024.
             Slain by an orc knight
             ... wielding a +0 broad axe
              (25 damage)
             ... on level 2 of the Orcish Mines.
             The game lasted 00:37:01 (13764 turns).

gelatine the Cleaver (Demonspawn Fighter)          Turns: 13764, Time: 00:37:01

Health: -4/98      AC: 20    Str: 21    XL:     13   Next: 3%
Magic:  0/22       EV: 14    Int:  8    God:
Gold:   1678       SH:  5    Dex: 14    Spells: 20/24 levels left

rFire   + . .        S - +0 broad axe (flame)
rCold   . . .        i - +0 buckler {AC+3}
rNeg    . . .        c - +5 robe of Night {Dark Will+ SInv}
rPois   .            (no helmet)
rElec   +            O - +1 cloak of Haugod {rF+}
rCorr   .            K - +1 pair of gloves
SInv    +            n - +0 pair of boots
Will    +....        l - amulet of guardian spirit
Stlth   ++           z - ring of flight
HPRegen 0.36/turn    (no ring)
MPRegen 0.18/turn

%: guardian spirit
@: flying
A: claws 1, thin metallic scales 3, ignite blood 3, spiny 1
a: no special abilities


You were on level 2 of the Orcish Mines.
You visited 3 branches of the dungeon, and saw 13 of its levels.

You collected 1678 gold pieces.

Inventory:

Hand Weapons
 a - a +0 war axe
 R - a +0 antimagic hand cannon
 S - a +0 broad axe of flaming (weapon)
Missiles
 k - 5 poisoned darts
 Q - 11 boomerangs (quivered)
Armour
 c - the +5 robe of Night (worn) {Dark Will+ SInv}
   (You found it on level 9 of the Dungeon)

   Dark:      It shrouds the wearer in darkness, reducing the range at which
   they can see and be seen by others.
   Will+:     It increases your willpower.
   SInv:      It lets you see invisible.
 f - a +1 leather armour of fire resistance
 i - a +0 buckler of protection (worn)
 n - a +0 pair of boots (worn)
 t - a +0 troll leather armour
 v - a +2 chain mail of positive energy
 y - a +0 kite shield
 F - a +0 cloak
 H - +0 steam dragon scales
 K - a +1 pair of gloves (worn)
 M - a +1 robe of cold resistance
 O - the +1 cloak of Haugod (worn) {rF+}
   (You found it on level 10 of the Dungeon)

   rF+:       It protects you from fire.
Jewellery
 l - an amulet of guardian spirit (around neck)
 z - a ring of flight (left hand)
 I - a +4 ring of protection
Wands
 r - a wand of paralysis (27)
 s - a wand of iceblast (3)
Scrolls
 g - a scroll of noise
 h - 2 scrolls of fear
 m - a scroll of enchant weapon
 o - 3 scrolls of teleportation
 q - a scroll of blinking
 x - a scroll of amnesia
 A - 6 scrolls of vulnerability
 B - a scroll of acquirement
 J - 2 scrolls of poison
 L - a scroll of fog
 P - 3 scrolls of revelation {unknown}
Potions
 b - a potion of mutation
 d - 3 potions of might
 e - a potion of enlightenment
 j - 2 potions of invisibility
 p - 4 potions of berserk rage
 u - 4 potions of curing
 w - 2 potions of brilliance
 E - 2 potions of degeneration {unknown}
 G - a potion of haste {unknown}
 N - a potion of cancellation {unknown}


   Skills:
 + Level 7.8 Fighting
 + Level 11.8 Axes
 + Level 7.2 Throwing
 + Level 5.5 Armour
 + Level 6.3 Dodging
 + Level 3.0 Stealth
 + Level 5.2 Shields
 * Level 6.3 Spellcasting
 * Level 6.1 Translocations
 + Level 4.2 Evocations


You had 20 spell levels left.
You knew the following spells:

 Your Spells              Type           Power      Damage    Failure   Level
a - Manifold Assault      Tloc           12%        N/A       22%         4

Your spell library contained the following spells:

 Spells                   Type           Power      Damage    Failure   Level
 Blink                    Tloc           24%        N/A       3%          2
 Passage of Golubria      Tloc           12%        N/A       22%         4
 Magic Dart               Conj           8%         1d3       26%         1
 Call Imp                 Summ           4%         N/A       38%         2
 Dispersal                Tloc           6%         N/A       98%         6
 Silence                  Hex/Air        1%         N/A       100%        5
 Disjunction              Tloc           6%         N/A       100%        8
 Lehudib's Crystal Spear  Conj/Erth      1%         10d2      100%        8


Dungeon Overview and Level Annotations

Branches:
Dungeon (10/15)            Temple (1/1) D:7            Lair (0/5) D:9
    Orc (2/2) D:9             Elf (0/3) Orc:2

Altars:
Ashenzari
Cheibriados
Dithmenos
Fedhas
Gozag
Hepliaklqana
Kikubaaqudgha
Makhleb
Nemelex Xobeh
Okawaru
Qazlal
Ru
Sif Muna
Trog
Uskayaw
Vehumet
Wu Jian
Xom
Yredelemnul

Portals:
Trove: D:10 (give 9 potions of haste)

Annotations:
D:5 2 runed translucent doors


Innate Abilities, Weirdness & Mutations

You have sharp fingernails.
You are completely covered in thin metallic scales. (AC +4, rElec)
Your demonic aura causes all spilled blood to erupt in flames.
You are partially covered in sharp spines.


Message History

The orc knight roars a battlecry!
The orc knight goes into a battle-frenzy!
The orc knight roars a battlecry!
The orc knight goes into a battle-frenzy!
You throw a boomerang. The boomerang hits the orc knight!
The orc knight is moderately wounded.
You throw a boomerang.
The boomerang hits the orc knight but does no damage.
The orc knight is lightly wounded.
The orc knight is engulfed in blazing flames.
You throw a boomerang.
The boomerang closely misses the orc knight.
The boomerang hits the orc knight.
The orc knight is heavily wounded.
The orc knight is engulfed in blazing flames.
The orc knight barely misses you.
You barely miss the orc knight.
The orc knight is severely wounded.
The orc knight hits you from afar with a +1 bardiche.
You barely miss the orc knight.
The orc knight is severely wounded.
The orc knight barely misses you.
The orc knight hits you with a +0 broad axe.
The orc knight hits you with a +1 bardiche!
The orc knight is struck by your spines.
The orc knight hits you with a +0 broad axe!
You closely miss the orc knight.
The orc knight is lightly wounded.
You barely miss the orc knight. The orc knight closely misses you.
The orc knight hits you with a +0 broad axe!!
You hit the orc knight but do no damage.
The orc knight is lightly wounded.
You closely miss the orc knight.
The orc knight is engulfed in blazing flames.
The orc knight is struck by your spines.
The orc knight hits you with a +1 bardiche!!!
* * * LOW HITPOINT WARNING * * *
The orc knight is engulfed in blazing flames.
The orc knight hits you with a +0 broad axe!!
You die...

##.÷.÷. # #..).. ##.÷)# #.))#
#### ### ## #...## ##...
###.####. #..))###
....###....##..
##.))..#####....#.....###.
#######.)...§§§..........###..
##..#..##..).o@°.........## ##.
###.......###...☼o.....).### #..
.###........##)...........### ###
..#.....................).#.### #
..##...##...........).........###
..#.....#.....^...)..[.........#
..#................)..........###
....................)[.[......###
.....................[[........#.


You could see 2 orc knights.

Vanquished Creatures
  An orc warlord (Orc:2)
  Azrael (Orc:1)
  A vault guard (D:10)
  3 death yaks (D:9)
  3 two-headed ogres
  An orc high priest (Orc:1)
  Lodul (D:10)
  8 orc knights
  4 orc sorcerers
  Joseph (D:9)
  4 kobold blastminers
  2 gargoyles
  4 trolls
  6 dream sheep (D:9)
  Grinder (D:3)
  2 shadows (D:9)
  A wyvern (D:6)
  A wraith (D:8)
  12 yaks (D:9)
  5 fire elementals (Orc:1)
  A warg (Orc:1)
  3 steam dragons
  2 water moccasins
  3 hell hounds (Orc:1)
  Duvessa (D:6)
  14 orc warriors
  2 sky beasts
  An ice beast (D:5)
  16 ogres
  4 centaurs
  2 phantoms
  A kobold brigand (D:6)
  2 bullfrogs
  2 gnoll sergeants
  4 scorpions (D:5)
  9 wights
  Dowan (D:6)
  9 killer bees
  3 electric eels (D:9)
  A bombardier beetle (D:6)
  8 crimson imps (D:8)
  18 orc priests
  5 hounds
  2 gnoll boudas
  22 orc wizards
  A sleepcap (D:7)
  6 iguanas
  17 gnolls
  8 adders
  A shadow imp (D:6)
  2 white imps
  4 ufetubi
  2 dart slugs
  87 orcs
  4 bats
  8 endoplasms
  2 giant cockroaches
  7 goblins
  2 hobgoblins
  4 kobolds
  3 quokkas
  5 ball pythons
  2 frilled lizards (D:1)
  7 rats
370 creatures vanquished.

Vanquished Creatures (others)
  2 orcs (Orc:2)
2 creatures vanquished.

Grand Total: 372 creatures vanquished

Notes
Turn   | Place    | Note
-------+----------+-------------------------------------------
     0 | D:1      | gelatine the Demonspawn Fighter began the quest for the
                  | Orb.
     0 | D:1      | Reached XP level 1. HP: 18/18 MP: 1/1
   235 | D:1      | Gained mutation: You are partially covered in sharp spines.
                  | [demonic ancestry]
   235 | D:1      | Reached XP level 2. HP: 24/24 MP: 2/2
   244 | D:1      | Reached skill level 2 in Axes
   963 | D:2      | Gained mutation: You are partially covered in thin metallic
                  | scales. (AC +2) [demonic ancestry]
   963 | D:2      | Reached XP level 3. HP: 29/29 MP: 3/3
  1143 | D:2      | Identified the +7 spear "Nogholew" {antimagic, *Rage Str+7}
  1374 | D:2      | Found a shadowy altar of Dithmenos.
  1681 | D:3      | Noticed Grinder
  1692 | D:3      | Killed Grinder
  1693 | D:3      | Reached skill level 4 in Axes
  1693 | D:3      | Gained mutation: You have sharp fingernails. [demonic
                  | ancestry]
  1693 | D:3      | Reached XP level 4. HP: 12/37 MP: 2/4
  1693 | D:3      | Reached XP level 5. HP: 14/42 MP: 2/5
  1944 | D:3      | Gained mutation: Your demonic aura sometimes causes spilled
                  | blood to erupt in flames. [demonic ancestry]
  1944 | D:3      | Reached XP level 6. HP: 48/48 MP: 6/6
  2480 | D:4      | Found a radiant altar of Vehumet.
  2623 | D:4      | Found a bloodstained altar of Trog.
  2892 | D:4      | Found a basalt altar of Yredelemnul.
  3220 | D:5      | Entered Level 5 of the Dungeon
  3224 | D:5      | Reached skill level 5 in Axes
  3226 | D:5      | Gained mutation: Your demonic aura often causes spilled
                  | blood to erupt in flames. [demonic ancestry]
  3226 | D:5      | Reached XP level 7. HP: 41/55 MP: 3/7
  3380 | D:5      | Reached skill level 1 in Dodging
  3621 | D:5      | Found a runed translucent door.
  3631 | D:5      | Found a runed translucent door.
  3653 | D:5      | Reached skill level 1 in Evocations
  3736 | D:5      | Reached skill level 6 in Axes
  3746 | D:5      | Found a sparkling altar of Nemelex Xobeh.
  3821 | D:5      | Gained mutation: Your demonic aura causes all spilled blood
                  | to erupt in flames. [demonic ancestry]
  3821 | D:5      | Reached XP level 8. HP: 37/61 MP: 4/8
  3828 | D:5      | Reached skill level 1 in Throwing
  4285 | D:5      | Reached skill level 5 in Fighting
  4641 | D:6      | Reached skill level 7 in Axes
  4641 | D:6      | Reached skill level 1 in Stealth
  4701 | D:6      | Noticed Dowan
  4907 | D:6      | Reached XP level 9. HP: 51/68 MP: 5/9
  4909 | D:6      | Killed Dowan
  5014 | D:6      | Noticed Duvessa
  5019 | D:6      | Killed Duvessa
  5020 | D:6      | Reached skill level 5 in Armour
  5031 | D:6      | Found a stormy altar of Qazlal.
  6019 | D:7      | Found a staircase to the Ecumenical Temple.
  6028 | Temple   | Entered the Ecumenical Temple
  6188 | D:7      | Found a shimmering altar of Xom.
  6194 | D:7      | Found a hazy altar of Hepliaklqana.
  6195 | D:7      | Found a shimmering blue altar of Sif Muna.
  6857 | D:8      | Reached skill level 8 in Axes
  7032 | D:8      | Found a broken altar of Ashenzari.
  7149 | D:8      | Gained mutation: You are mostly covered in thin metallic
                  | scales. (AC +3) [demonic ancestry]
  7149 | D:8      | Reached XP level 10. HP: 71/75 MP: 10/10
  7428 | D:8      | Learned a level 4 spell: Manifold Assault
  7780 | D:9      | Reached skill level 1 in Translocations
  7823 | D:9      | Reached skill level 1 in Spellcasting
  7924 | D:9      | Reached skill level 9 in Axes
  7985 | D:9      | Found the +5 robe of Night {Dark Will+ SInv}
  8078 | D:9      | Noticed a gargoyle
  8100 | D:9      | Killed a gargoyle
  8101 | D:9      | Reached skill level 5 in Throwing
  8527 | D:9      | Found a staircase to the Orcish Mines.
  8686 | D:9      | Noticed a death yak
  8696 | D:9      | Killed a death yak
  8697 | D:9      | Reached XP level 11. HP: 79/81 MP: 15/15
  8701 | D:9      | Found a staircase to the Lair.
  8704 | D:9      | Noticed a death yak
  8705 | D:9      | Noticed a death yak
  8718 | D:9      | Killed a death yak
  8721 | D:9      | Noticed Joseph
  8726 | D:9      | Killed a death yak
  8727 | D:9      | Reached skill level 5 in Dodging
  8731 | D:9      | Killed Joseph
  8732 | D:9      | Noticed a two-headed ogre
  9005 | D:9      | Killed a two-headed ogre
  9143 | D:9      | Reached skill level 10 in Axes
  9693 | D:10     | Entered Level 10 of the Dungeon
  9852 | D:10     | Noticed a vault guard
  9859 | D:10     | Killed a vault guard
  9942 | D:10     | Found a portal to a secret trove of treasure.
 10017 | D:10     | Noticed a two-headed ogre
 10039 | D:10     | Killed a two-headed ogre
 10168 | D:10     | Noticed Lodul
 10182 | D:10     | Killed Lodul
 10429 | D:10     | Identified the +1 cloak of Haugod {rF+}
 10602 | D:10     | Noticed a skeletal warrior
 10602 | D:10     | Noticed a skeletal warrior
 10706 | Orc:1    | Entered Level 1 of the Orcish Mines
 10732 | Orc:1    | Noticed an orc knight
 10885 | D:9      | Killed an orc knight
 10913 | Orc:1    | Reached XP level 12. HP: 89/89 MP: 19/19
 10931 | Orc:1    | Reached skill level 5 in Spellcasting
 11228 | Orc:2    | Entered Level 2 of the Orcish Mines
 11753 | Orc:2    | Found a staircase to the Elven Halls.
 11811 | Orc:2    | Reached skill level 5 in Translocations
 12323 | Orc:2    | Noticed Azrael
 12578 | Orc:1    | Killed Azrael
 12579 | Orc:1    | Reached skill level 11 in Axes
 12579 | Orc:1    | Reached skill level 5 in Shields
 12586 | Orc:1    | Identified a scroll of acquirement
 12709 | Orc:2    | Noticed an orc warlord
 12723 | Orc:2    | Killed an orc warlord
 12903 | Orc:2    | Noticed an orc high priest
 12915 | Orc:1    | Killed an orc high priest
 13556 | Orc:2    | Noticed a two-headed ogre
 13563 | Orc:2    | Killed a two-headed ogre
 13564 | Orc:2    | Gained mutation: You are completely covered in thin
                  | metallic scales. (AC +4, rElec) [demonic ancestry]
 13564 | Orc:2    | Reached XP level 13. HP: 36/98 MP: 9/22
 13764 | Orc:2    | Slain by an orc knight

Illustrated notes

Levels and vault maps discovered:
D:1:      roadster_arrival_rocket_small, layout_basic, kennysheep_boxes
D:2:      layout_basic, basic_altar
D:3:      layout_basic, uniq_grinder
D:4:      layout_loops_ring, mainiacjoe_overflow_boulevard, tso_oasis_becter,
          nicolae_overflow_hidden_temple, lemuel_coloured_pillars_altar
D:5:      lemuel_insect_pit, layout_basic, nemelex_xobeh_ov_fountains_minmay,
          nicolae_fountain_basement
D:6:      layout_layer_cave, nicolae_qazlal_beasts_of_the_sky, uniq_duvessa
D:7:      layout_layer_cave, grunt_temple_overflow_open, temple_pool_b,
          corexii_checkpoint, hangedman_abyss_or_decor_lesser_grid,
          kennysheep_flooded_box
D:8:      layout_loops_ring, evilmike_ruin_ashenzari, minmay_nine_imps
D:9:      nicolae_moon_pools, layout_loops_ring, dpeg_lair_monsters,
          kennysheep_orc_monster_closet_entryway, hellmonk_guarded_unrand_night,
          uniq_joseph
D:10:     layout_loops_cross, enter_trove_5, uniq_lodul
Temple:   chequers_temple_sunken
Orc:1:    layout_caves
Orc:2:    grunt_orc_tribal_feast, layout_diamond_mine, lightli_church_of_beogh,
          uniq_azrael

Skill      XL: |  1  2  3  4  5  6  7  8  9 10 11 12 |
---------------+-------------------------------------+-----
Axes           | 2 4 5 6 7 8 9 10 11 | 11.8
Shields        | 3 4 5 |  5.2
Armour         | 3 4 5 |  5.5
Fighting       | 4 5 6 7 |  7.8
Dodging        | 1 2 3 4 5 6 |  6.3
Evocations     | 1 3 4 |  4.2
Throwing       | 2 4 5 6 7 |  7.2
Stealth        | 1 2 3 |  3.0
Translocations | 3 4 6 |  6.1
Spellcasting   | 2 4 6 |  6.3

Action                     |  1- 3 |  4- 6 |  7- 9 | 10-12 | 13-15 || total
---------------------------+-------+-------+-------+-------+-------++-------
  Melee: War axe           |    57 |    56 |   194 |   254 |       ||   561
         Broad axe         |       |       |       |   175 |     4 ||   179
  Throw: Dart              |       |     6 |    33 |    67 |       ||   106
         Boomerang         |       |       |    65 |    79 |    16 ||   160
  Evoke: Wand              |       |       |       |     9 |       ||     9
    Use: Scroll            |       |     8 |     3 |    11 |       ||    22
         Potion            |       |       |       |     2 |       ||     2
   Stab: Sleeping          |       |       |     1 |       |       ||     1
 Armour: Scale mail        |    32 |    31 |       |       |       ||    63
         Ring mail         |       |     6 |   115 |       |       ||   121
         Steam dragon scal |       |       |    38 |    25 |       ||    63
         Robe              |       |       |       |   301 |     7 ||   308
  Dodge: Dodged            |    19 |    25 |   103 |   282 |     3 ||   432
  Block: Buckler           |    12 |    15 |    36 |   112 |       ||   175
